 Dungeon Crawl Stone Soup version 0.29.1-14-g9c671dbff4 (webtiles) character file.

Game seed: 261596511089335247

196 MacCMillion the Conjurer (level 5, 0/38 HPs)
             Began as a Draconian Conjurer on Feb 16, 2023.
             Was an Initiate of Sif Muna.
             Slain by a hound (3 damage)
             ... on level 4 of the Dungeon.
             The game lasted 00:07:38 (4126 turns).

MacCMillion the Conjurer (Draconian Conjurer)       Turns: 4126, Time: 00:07:38

Health: 0/38       AC:  5    Str:  9    XL:     5   Next: 45%
Magic:  0/9        EV: 12    Int: 20    God:    Sif Muna [......]
Gold:   146        SH:  0    Dex: 10    Spells: 3/10 levels left

rFire   . . .      SeeInvis .   p - +1 dagger (flame)
rCold   . . .      Faith    .   (no shield)
rNeg    . . .      Spirit   .   (body armour unavailable)
rPois   .          Reflect  .   (helmet restricted)
rElec   .          Harm     .   (no cloak)
rCorr   .          Rampage  .   (no gloves)
Will    .....                   (no boots)
Stlth   ++........              (no amulet)
HPRegen 0.12/turn               (no ring)
MPRegen 0.11/turn               (no ring)

@: no status effects
A: AC +5, unfitting armour, cold-blooded
a: Renounce Religion


You were on level 4 of the Dungeon.
You worshipped Sif Muna.
Sif Muna was noncommittal.
You visited 1 branch of the dungeon, and saw 4 of its levels.

You collected 170 gold pieces.
You spent 24 gold pieces at shops.

Inventory:

Hand Weapons
 p - a +1 dagger of flaming (weapon)
Jewellery
 q - an amulet of regeneration
 s - an amulet of faith
Scrolls
 d - a scroll of fear {unknown}
 e - 2 scrolls of amnesia
 f - 2 scrolls of enchant armour {unknown}
 g - a scroll of vulnerability {unknown}
 h - a scroll of noise {unknown}
 j - a scroll of immolation {unknown}
 k - a scroll of identify
 l - 3 scrolls of blinking {unknown}
 m - a scroll of enchant weapon {unknown}
 n - 2 scrolls of teleportation {unknown}
Potions
 a - a potion of magic
 c - a potion of attraction
 i - a potion of degeneration
 o - a potion of cancellation {unknown}
 r - a potion of brilliance {unknown}


   Skills:
 - Level 1.7 Dodging
 - Level 1.7 Stealth
 - Level 3.0 Spellcasting
 + Level 5.8 Conjurations
 + Level 1.9 Hexes


You had 3 spell levels left.
You knew the following spells:

 Your Spells              Type           Power      Damage    Failure   Level
a - Magic Dart            Conj           100%       1d8       1%          1
b - Searing Ray           Conj           52%        2d6       1%          2
c - Fulminant Prism       Conj/Hex       9%         3d7       28%         4

Your spell library contained the following spells:

 Spells                   Type           Power      Damage    Failure   Level
 Dazzling Flash           Conj/Hex       36%        N/A       9%          3
 Iskenderun's Mystic Bla  Conj/Tloc      14%        2d5       41%         4


Dungeon Overview and Level Annotations

Branches:
Dungeon (4/15)             Temple (0/1) D:4

Altars:
Cheibriados
Okawaru
Sif Muna

Shops:
D:1 ?


Innate Abilities, Weirdness & Mutations

Your plain brown scales are hard. (AC +5)
You cannot fit into any form of body armour.
You are cold-blooded and may be slowed by cold attacks.


Message History

You kill the orc priest!
Sif Muna accepts your kill. The hound barely misses you.
The hound closely misses you. The hound attacks as you move away!
The hound barely misses you.
Things that are here:
a +0 dagger; a +0 hand axe; a +0 leather armour The hound attacks as you move away!
The hound closely misses you. The hound bites you but does no damage.
The hound attacks as you move away! The hound misses you.
The hound bites you but does no damage. The hound closely misses you.
The hound bites you.
* * * LOW HITPOINT WARNING * * *
You feel better. The hound bites you but does no damage.
Aiming: Magic Dart (safe; 1% risk of failure)
Press: ? - help, Q - select action, (/) - cycle Shift-Dir - straight line, f - hound
Aim: a hound (moderately wounded, 100% to hit)
The magic dart hits the hound.
The hound is severely wounded.
The hound bites you but does no damage. The hound barely misses you.
Unknown command.
Aiming: Magic Dart (safe; 1% risk of failure)
Press: ? - help, Q - select action, (/) - cycle Shift-Dir - straight line, f/p - hound
Aim: a hound (severely wounded, 100% to hit)
The magic dart hits the hound but does no damage.
The hound is severely wounded.
The hound bites you.
* * * LOW HITPOINT WARNING * * *
Unknown command.
Okay, then.
The hound barely misses you. The hound attacks as you move away!
The hound bites you.
* * * LOW HITPOINT WARNING * * *
The hound attacks as you move away! The hound barely misses you.
The hound closely misses you. The hound attacks as you move away!
The hound closely misses you.
You closely miss the hound.
The hound is severely wounded.
The hound bites you.
You die...

#.##########.##
########.#...........#
#..............####..#
#.######.#.##...###..# #.#
##.#.#.....##..# #.#
#...#...>......# #.#
#..#.#.....##..# #.#
#..............#
#######.#####.##@##...###..#
............#.##.h.........####..
##########..#.####.........).....
######..#.# #.....##.#######
#.........# ##...###....o..o
#.####..### ##### #########
##...##..# #.###.#..# #.# #....#


You could see a hound.

Vanquished Creatures
  An orc priest (D:4)
  An iguana (D:4)
  4 adders
  2 gnolls (D:3)
  An ufetubus (D:4)
  2 dart slugs
  5 orcs
  5 endoplasms
  2 giant cockroaches (D:2)
  6 goblins
  8 hobgoblins
  6 jackals (D:1)
  7 kobolds
  A quokka (D:2)
  2 ball pythons
  12 bats
  2 frilled lizards
  A rat (D:1)
68 creatures vanquished.

Vanquished Creatures (others)
  5 plants (D:4)
5 creatures vanquished.

Grand Total: 73 creatures vanquished

Notes
Turn   | Place    | Note
-------+----------+-------------------------------------------
     0 | D:1      | MacCMillion the Draconian Conjurer began the quest for the
                  | Orb.
     0 | D:1      | Reached XP level 1. HP: 14/14 MP: 3/3
   456 | D:1      | Reached XP level 2. HP: 20/20 MP: 0/5
   561 | D:1      | Learned a level 2 spell: Searing Ray
   988 | D:1      | Found Saigoyr's Magic Scroll Boutique.
  1209 | D:1      | Reached XP level 3. HP: 26/26 MP: 1/6
  1377 | D:1      | Bought a scroll of identify for 24 gold pieces
  1774 | D:2      | Reached skill level 5 in Conjurations
  2194 | D:2      | Reached XP level 4. HP: 33/33 MP: 6/8
  2568 | D:2      | Learned a level 4 spell: Fulminant Prism
  2840 | D:3      | Found a snail-covered altar of Cheibriados.
  3406 | D:3      | Reached skill level 1 in Hexes
  3494 | D:3      | Found an iron altar of Okawaru.
  3557 | D:3      | Found a shimmering blue altar of Sif Muna.
  3613 | D:3      | Became a worshipper of Sif Muna the Loreminder
  3685 | D:4      | Reached XP level 5. HP: 38/38 MP: 5/9
  3901 | D:4      | Found a staircase to the Ecumenical Temple.
  4126 | D:4      | Slain by a hound

Illustrated notes

Levels and vault maps discovered:
D:1:      minmay_arrival_plants_in_alcoves, layout_basic, serial_shops,
          nicolae_square_shop, hangedman_decor_growths, minmay_tripent
D:2:      layout_loops_ring, st_stairs_12
D:3:      layout_basic, okawaru_altar_gauntlet_db,
          lemuel_coloured_pillars_altar, marbit_many_paths
D:4:      layout_loops_ring, nicolae_hepliaklqana_hazy_memory, temple_pool_b,
          mrwooster_statue_mirror, minmay_goblin_outpost

Skill      XL: |  1  2  3  4 |
---------------+-------------+-----
Conjurations   | 5 |  5.8
Spellcasting   | 3 |  3.0
Hexes          | 1 |  1.9
Dodging        | |  1.7
Stealth        | |  1.7

Action                   |  1- 3 |  4- 6 || total
-------------------------+-------+-------++-------
Melee: Short sword       |    12 |       ||    12
       Dagger            |    15 |    12 ||    27
       Tailslap          |     1 |     2 ||     3
       Punch             |       |     1 ||     1
 Cast: Magic Dart        |    77 |    36 ||   113
       Searing Ray       |     3 |    12 ||    15
  Use: Scroll            |     4 |       ||     4
       Potion            |     1 |     1 ||     2
Armor: Skin              |    22 |    12 ||    34
Dodge: Dodged            |    31 |    38 ||    69
